 Dungeon Crawl Stone Soup version 0.31-a0-1001-g770356a28f (webtiles) character file.

Game seed: 10916399429390763319

37 MacCMillion the Ruffian (level 3, 0/24 HPs)
             Began as an Octopode Shapeshifter on Nov 8, 2023.
             Slain by an orc
             ... wielding a +0 short sword
              (3 damage)
             ... on level 1 of the Dungeon.
             The game lasted 00:01:52 (729 turns).

MacCMillion the Ruffian (Octopode Shapeshifter)      Turns: 729, Time: 00:01:52

Health: 0/24       AC:  1    Str: 15    XL:     3   Next: 41%
Magic:  3/3        EV: 12    Int: 12    God:
Gold:   83         SH:  3    Dex: 11    Spells: 2/2 levels left

rFire   . .          .
                       - Unarmed
rCold   . . .        i - +0 buckler
rNeg    + . .        (helmet currently unavailable)
rPois   .            (no amulet)
rElec   .            j - ring of positive energy
rCorr   .            (no ring)
SInv    .            (no ring)
Will    .....        (no ring)
Stlth   +++          (no ring)
HPRegen 0.24/turn    (no ring)
MPRegen 0.08/turn    (no ring)
                     (no ring)

%: no passive effects
@: beast-form
A: beast (slay +1), almost no armour, amphibious, 8 rings, camouflage 1,
gelatinous body 1, (nimble swimmer 1), tentacles
a: Begin Untransformation


You were on level 1 of the Dungeon.
You were a hulking beast.
You visited 1 branch of the dungeon, and saw 2 of its levels.

You collected 83 gold pieces.

Inventory:

Armour
 i - a +0 buckler (worn)
Jewellery
 j - a ring of positive energy (left tentacle)
Talismans
 b - a beast talisman
 c - a flux talisman
Scrolls
 d - a scroll of immolation {unknown}
 f - a scroll of amnesia {unknown}
 g - a scroll of teleportation {unknown}
Potions
 a - 2 potions of lignification
 e - a potion of attraction {unknown}
 h - a potion of degeneration {unknown}


   Skills:
 + Level 2.0 Fighting
 - Level 2.0 Dodging
 + Level 2.1 Stealth
 + Level 3.5 Unarmed Combat
 - Level 3.0 Shapeshifting


You had 2 spell levels left.
You didn't know any spells.
Your spell library was empty.

Dungeon Overview and Level Annotations

Branches:
Dungeon (2/15)

Altars:


Innate Abilities, Weirdness & Mutations

You are a hulking beast.
Your limbs bulge with bestial killing power. (Slay +1)
You cannot wear most types of armour.
You are amphibious.
You can wear up to eight rings at the same time.
Your skin changes colour to match your surroundings (Stealth+).
Your rubbery body absorbs attacks. (AC +1, EV +1)
((You are camouflaged when in or above water. (Stealth+)))
You have tentacles for arms and can constrict up to eight enemies at once.


Message History

You tentacle-slap the ball python.
You kill the ball python!
Found a scroll labelled ZOPNYSILA.
The orc hits you with a +0 club.
You tentacle-slap the orc but do no damage.
You grab the orc.
You constrict the orc, but do no damage.
The orc closely misses you.
You tentacle-slap the orc. Your grab misses the orc.
The orc is heavily wounded.
You constrict the orc. The orc hits you with a +0 whip.
The orc hits you with a +0 club.
You tentacle-slap the orc.
You kill the orc!
You constrict the orc.
You tentacle-slap the orc but do no damage.
The orc is heavily wounded.
You constrict the orc. The orc barely misses you.
A hobgoblin comes into view.
The hobgoblin shouts!
You tentacle-slap the orc but do no damage.
The orc is almost dead.
You constrict the orc, but do no damage.
The orc hits you with a +0 club.
You release your grip on the orc.
The orc attacks as it pursues you! The orc hits you with a +0 short sword.
There is a stone staircase leading down here.
Found a short sword.
The orc attacks as it pursues you! The orc barely misses you.
The orc attacks as it pursues you! The orc hits you with a +0 short sword.
* * * LOW HITPOINT WARNING * * *
The orc attacks as it pursues you! You block the orc's attack.
There is an escape hatch in the ceiling here.
The orc hits you with a +0 club.
* * * LOW HITPOINT WARNING * * *
The orc closely misses you. A mysterious force pulls you upwards.
The hatch slams shut behind you.
You closely miss the orc. Your grab misses the orc.
The orc is almost dead.
The orc hits you with a +0 short sword.
You die...

#.#†P♣♣.♣.#.# #
#.....P♣♣P..########
#.#..P♣..P..#.......
#.####...♣P...######
#.# ###......##PP# #.#
######....♣P#
###'###♣♣♣♣♣♣.'...P♣P.
#...o....÷....#...P♣♣.
#....h.♣♣♣♣♣♣###.P.♣♣.
#...o....# #.♣♣♣P.
###...#### #P♣P♣♣.
###..#### #.♣P♣♣.
##....######....♣.
####......#....♣.
#..........#.♣♣.
#...............
#........)....♣#


You could see 2 orcs.

Vanquished Creatures
  2 dart slugs (D:1)
  An orc (D:2)
  5 ball pythons
  2 endoplasms (D:1)
  2 giant cockroaches (D:1)
  2 goblins (D:1)
  3 hobgoblins (D:1)
  3 jackals (D:1)
  A bat (D:1)
  3 frilled lizards (D:1)
  4 kobolds
  4 rats (D:1)
32 creatures vanquished.

Notes
Turn   | Place    | Note
-------+----------+-------------------------------------------
     0 | D:1      | MacCMillion the Octopode Shapeshifter began the quest for
                  | the Orb.
     0 | D:1      | Reached XP level 1. HP: 13/13 MP: 1/1
   218 | D:1      | Reached skill level 1 in Stealth
   218 | D:1      | Reached XP level 2. HP: 13/18 MP: 2/2
   415 | D:1      | Reached XP level 3. HP: 24/24 MP: 3/3
   729 | D:1      | Slain by an orc

Illustrated notes

Levels and vault maps discovered:
D:1:      scummos_arrival_star, layout_basic, serial_forest,
          infiniplex_forest_straight_2, infiniplex_forest_straight_2,
          infiniplex_forest_straight_3, infiniplex_forest_straight_2,
          infiniplex_forest_clump_long, infiniplex_forest_clump_diagonal,
          infiniplex_forest_straight_4
D:2:      layout_rooms, serial_curves, eino_curves_02, eino_curves_01,
          nicolae_grassy_gnolls

Skill      XL: |  1  2  3 |
---------------+----------+-----
Stealth        | 1 2 |  2.1
Fighting       | 2 |  2.0
Dodging        | |  2.0
Unarmed Combat | |  3.5
Shapeshifting  | |  3.0

Action                     || total
---------------------------++-------
  Melee: Unarmed           ||    61
         Tentacles         ||    10
         Constrict         ||    11
         Punch             ||     1
   Stab: Sleeping          ||     8
 Armour: Skin              ||    24
  Dodge: Dodged            ||    22
  Block: Buckler           ||     2

Table legend: (Time is in decaauts)
 A = Elapsed time spent in this place.
 B = Non-inter-level travel time spent in this place.
 C = Inter-level travel time spent in this place.
 D = Time resting spent in this place.
 E = Time spent auto-exploring this place.
 F = Levels seen in this place.
 G = Mean time per level.
                   A        B        C        D        E       F      G
               +--------+--------+--------+--------+--------+-----+--------+
         Total |    725 |    711 |     14 |    124 |    371 |   2 |  362.5 |
       Dungeon |    725 |    711 |     14 |    124 |    371 |   2 |  362.5 |
               +--------+--------+--------+--------+--------+-----+--------+

Top non-repeatable levels by time:
     D:1: 697 daAuts
     D:2: 27 daAuts
